 Dungeon Crawl Stone Soup version 0.24-a0-584-g9d6b971 (console) character file.

Game seed: 16319336887213124775, levelgen mode: deterministic

105 HarryHood the Skirmisher (level 4, -8/32 HPs)
             Began as a Gargoyle Fighter on Sept 5, 2019.
             Was an Initiate of Makhleb.
             Killed by divine providence
             ... invoked by an orc priest
              (14 damage)
             ... on level 3 of the Dungeon.
             The game lasted 00:15:07 (1700 turns).

HarryHood the Skirmisher (Gargoyle Fighter)         Turns: 1700, Time: 00:15:08

Health: -8/32      AC: 10    Str: 21    XL:     4   Next: 83%
Magic:  4/4        EV:  7    Int:  8    God:    Makhleb [......]
Gold:   128        SH:  9    Dex:  9    Spells: 3/3 levels left

rFire    . . .     SeeInvis .   a - +0 flail
rCold    . . .     Gourm    .   c - +0 shield
rNeg     + . .     Faith    .   b - +0 scale mail
rPois    ∞         Spirit   .   (no helmet)
rElec    +         Reflect  .   (no cloak)
rCorr    .         Harm     .   (no gloves)
MR       .....                  (no boots)
Stlth    ..........             (no amulet)
HPRegen  0.10/turn              (no ring)
MPRegen  0.09/turn              (no ring)

@: no status effects
A: negative energy resistance 1, electricity resistance, unbreathing,
petrification resistance, rot immunity, AC +3
a: Renounce Religion


You were on level 3 of the Dungeon.
You worshipped Makhleb.
Makhleb was noncommittal.
You were not hungry.

You visited 1 branch of the dungeon, and saw 3 of its levels.

You collected 128 gold pieces.

Inventory:

Hand Weapons
 a - a +0 flail (weapon)
Armour
 b - a +0 scale mail (worn)
 c - a +0 shield (worn)
Scrolls
 h - a scroll of amnesia
 l - 2 scrolls of remove curse {@r1}
Potions
 d - 2 potions of might
 g - 5 potions of curing {@q2}
 j - a potion of heal wounds {@q1}
 m - a potion of brilliance
Comestibles
 e - 5 rations {@e1}
 f - a chunk of flesh


   Skills:
 + Level 5.9 Fighting
 - Level 2.0 Maces & Flails
 - Level 3.2 Armour
 - Level 3.2 Shields


You had 3 spell levels left.
You didn't know any spells.
Your spell library was empty.

Dungeon Overview and Level Annotations

Branches:
Dungeon (3/15)

Altars:
Makhleb
Uskayaw


Innate Abilities, Weirdness & Mutations

You are resistant to torment.
Your stone body is resilient. (AC +3)
You are immune to poison.
You resist negative energy. (rN+)
You are resistant to electric shocks. (rElec)
You can survive without breathing.
You are immune to petrification.
You are immune to rotting.


Message History

An orc priest comes into view. It is wielding a +0 hand axe.
The orc priest shouts!
An orc comes into view. It is wielding a +0 flail.
The orc shouts!
An orc comes into view. It is wielding a +0 whip.
The orc priest calls down the wrath of Beogh upon you.
You barely resist.
The orc priest mumbles some strange prayers to Beogh against you.
Beogh smites you!
You take 11 damage, and have 19/32 hp.
MASSIVE DAMAGE!!
The orc priest invokes the aid of Beogh against you.
Beogh smites you!
* * * LOW HITPOINT WARNING * * *
You take 13 damage, and have 6/32 hp.
MASSIVE DAMAGE!!
You closely miss the orc. The orc closely misses you.
The orc hits you but does no damage.
Your scale mail prevents you from hitting the orc.
The orc priest mumbles some strange prayers to Beogh against you.
Beogh smites you!
You die...

####### ....<.# .. ...>..#
.$. ......## ##.oo .../...#
...... ###.##.#
#######...... #.##.#####
#.....#......
#.##[....#######............
#...####......@oo.#...##....
###.## #......#####......#
#..# ####.÷.....##.#....#
##<# #................. #.#
#............####. #.#
#............. ...
#.............% ...
#............... ....
.................


You could see an orc priest and an orc.

Vanquished Creatures
  A hound (D:2)
  3 adders
  An ooze (D:3)
  A worm (D:2)
  2 leopard geckos
  9 goblins
  4 hobgoblins
  9 kobolds
  A quokka (D:2)
  3 bats
  6 frilled lizards
  4 rats
44 creatures vanquished.

Notes
Turn   | Place    | Note
-------+----------+-------------------------------------------
     0 | D:1      | HarryHood the Gargoyle Fighter began the quest for the Orb.
     0 | D:1      | Reached XP level 1. HP: 14/14 MP: 1/1
    29 | D:1      | Reached XP level 2. HP: 11/20 MP: 2/2
    81 | D:1      | Reached skill level 4 in Fighting
   608 | D:2      | Reached XP level 3. HP: 19/24 MP: 3/3
   627 | D:2      | Found a hide-covered altar of Uskayaw.
  1186 | D:2      | Reached skill level 5 in Fighting
  1248 | D:2      | Reached XP level 4. HP: 31/31 MP: 4/4
  1265 | D:2      | Found a burning altar of Makhleb.
  1279 | D:2      | Became a worshipper of Makhleb the Destroyer
  1700 | D:3      | Killed from afar by an orc priest

Levels and vault maps discovered:
D:1:      minmay_arrival_five_plusses, layout_basic
D:2:      layout_basic, eat_drink_and_be_merry_uskayaw, makhleb_heckhound_becter
D:3:      layout_rooms, minitemple, grunt_gozag_breadcrumbs

Skill      XL: |  1  2  3 |
---------------+----------+-----
Fighting       | 4 5 |  5.9
Maces & Flails | |  2.0
Armour         | |  3.2
Shields        | |  3.2

Action                   |  1- 3 |  4- 6 || total
-------------------------+-------+-------++-------
Melee: Flail             |   167 |    37 ||   204
  Use: Scroll            |     2 |     4 ||     6
  Eat: Chunk             |     1 |     2 ||     3
Armor: Scale mail        |    85 |    27 ||   112
Dodge: Dodged            |    70 |    18 ||    88
Block: Shield            |   103 |    22 ||   125

Table legend:
 A = Non-vault XP
 B = Vault XP
 C = Vault XP percentage of total XP
 D = Non-vault monster count
 E = Vault monster count
 F = Vault count percentage of total count
                 A         B        C        D         E       F
            +---------+---------+-------+---------+---------+-------
      Total |     111 |      40 |  26.5 |      43 |       1 |   2.3
            +---------+---------+-------+---------+---------+-------
        D:1 |      29 |       0 |   0.0 |      18 |       0 |   0.0
        D:2 |      61 |      40 |  39.6 |      23 |       1 |   4.2
        D:3 |      21 |       0 |   0.0 |       2 |       0 |   0.0
            +---------+---------+-------+---------+---------+-------
